 Dungeon Crawl Stone Soup version 0.19.1 (webtiles) character file.

44933 JeffiDaFish the Blocker (level 14, -9/90 HPs)
             Began as a Gargoyle Fighter on Dec 15, 2016.
             Mangled by a spiny frog (10 damage)
             ... on level 6 of the Lair of Beasts on Dec 16, 2016.
             The game lasted 00:45:23 (15564 turns).

JeffiDaFish the Blocker (Gargoyle Fighter)         Turns: 15564, Time: 00:45:46

Health: -9/90      AC: 35    Str: 22    XL:     14   Next: 30%
Magic:  21/21      EV:  7    Int:  9    God:
Gold:   554        SH: 23    Dex: 12    Spells: 1 memorised, 18 levels left

rFire  . . .     SeeInvis .     a - +1 flail (drain)
rCold  . . .     Gourm    .     k - +0 plate armour
rNeg   + . .     Faith    .     w - +4 shield
rPois  ∞         Spirit   .     q - +2 helmet
rElec  +         Reflect  +     y - +2 cloak
rCorr  .         Harm     .     r - +2 pair of gloves
MR     +....                    (no boots)
Stlth  ..........               m - +6 amulet of reflection
                                d - +5 ring of slaying
                                H - +2 ring of slaying

@: flying, slowed, very slow
A: big wings, negative energy resistance 1, electricity resistance, wild magic
1, unbreathing, petrification resistance, rot immunity, AC +9
a: Stop Flying


You were on level 6 of the Lair of Beasts.
You were not hungry.

You visited 2 branches of the dungeon, and saw 16 of its levels.
You also visited: Labyrinth.

You collected 1084 gold pieces.
You spent 530 gold pieces at shops.

Inventory:

Hand Weapons
 a - a +1 flail of draining (weapon)
Armour
 k - a +0 plate armour (worn)
 q - a +2 helmet (worn)
 r - a +2 pair of gloves (worn)
 w - a +4 shield (worn)
 y - a +2 cloak (worn)
Jewellery
 d - a +5 ring of slaying (right hand)
 m - a +6 amulet of reflection (around neck)
 o - an uncursed ring of see invisible
 H - a +2 ring of slaying (left hand)
Wands
 z - a wand of teleportation (0/9)
Scrolls
 e - 2 scrolls of fear
 h - 9 scrolls of teleportation
 l - 6 scrolls of identify
 n - a scroll of blinking
 s - a scroll of brand weapon
 u - 10 scrolls of remove curse
 x - 4 scrolls of recharging
 B - 3 scrolls of fog
 D - 3 scrolls of amnesia
Potions
 b - 2 potions of magic
 p - 5 potions of flight
 A - 3 potions of resistance
 K - a potion of brilliance
Books
 c - the Collected Works on the Virous Arsonist
   (You found it in a labyrinth)

   Spells                             Type                      Level
   a - Throw Flame                    Conjuration/Fire             2
   b - Inner Flame                    Hexes/Fire                   3
   c - Fireball                       Conjuration/Fire             5
   d - Poisonous Cloud                Conjuration/Poison/Air       6
 C - a book of Power

   Spells                             Type                      Level
   a - Fulminant Prism                Conjuration/Hexes            4
   b - Iskenderun's Mystic Blast      Conjuration                  4
   c - Venom Bolt                     Conjuration/Poison           5
   d - Bolt of Magma                  Conjuration/Fire/Earth       5
   e - Iron Shot                      Conjuration/Earth            6
   f - Orb of Destruction             Conjuration                  7
   g - Spellforged Servitor           Conjuration/Summoning        7
Comestibles
 f - 14 bread rations
 g - 10 meat rations
 i - 17 fruits
 j - 6 beef jerkies
 t - 4 slices of pizza
 E - 3 chunks of flesh
 F - 2 royal jellies


   Skills:
 * Level 11.4 Fighting
 * Level 12.6 Maces & Flails
 * Level 12.0 Armour
 - Level 2.3 Dodging
 - Level 1.7 Stealth
 * Level 12.7 Shields
 + Level 4.8 Spellcasting
 + Level 6.3 Conjurations
 + Level 4.5 Hexes


You had 18 spell levels left.
You knew the following spells:

 Your Spells              Type           Power        Failure   Level  Hunger
a - Fulminant Prism       Conj/Hex       ###.......   100%        4    #####..


Dungeon Overview and Level Annotations

Branches:
Dungeon (10/15)            Temple (0/1) D:6            Lair (6/6) D:10
  Swamp (0/4) Lair:3       Spider (0/4) Lair:4        Slime (0/5) Lair:5
    Orc: D:9-12

Altars:
Gozag
Kikubaaqudgha
Nemelex Xobeh
Okawaru
Ru
Sif Muna
Jiyva

Shops:
D:8 =*=*


Innate Abilities, Weirdness & Mutations

You are resistant to torment.
Your stone body is resilient. (AC +9)
You are immune to poison.
Your large and strong wings let you fly indefinitely.
You resist negative energy. (rN+)
You are resistant to electric shocks. (rElec)
You can survive without breathing.
You are immune to petrification.
You are immune to rotting.
Your spells are a little harder to cast, but a little more powerful.


Message History

You block the black mamba's attack. You block the spiny frog's attack.
You block the black mamba's attack.
The spiny frog stings you but does no damage.
You bludgeon the spiny frog!!
The spiny frog is almost dead.
The black mamba barely misses you. The spiny frog stings you!
* * * LOW HITPOINT WARNING * * *
The spiny frog stings you!
* * * LOW HITPOINT WARNING * * *
You block the black mamba's attack. You block the spiny frog's attack.
The spiny frog stings you!
* * * LOW HITPOINT WARNING * * *
You feel better. You block the black mamba's attack.
The black mamba bites you but does no damage.
You block the spiny frog's attack. The spiny frog stings you.
* * * LOW HITPOINT WARNING * * *
You block the black mamba's attack.
The spiny frog stings you but does no damage.
The spiny frog stings you!
You die...

#..PP..##...##....##...##....
##.....r##...#....#...##.....
#..P....##..##..##..##.....P
#.P...ll.##[.#..#..##......P
...###...s##.####..#.....###
..##. ##.. #######.....###.P
$..# ##..##...###...P
.$...####....#.###....P.
?[....†@S.P..###........
%$....F.F.P..###........
[$...####....#.###...!P. $..#
##.......###...P .#
#####..#....###..
##.####.##.....###
##..#..#.)##.......
##..##..##..##....PP
##...#....#...##.....


You could see a black mamba and 2 spiny frogs.

Vanquished Creatures
  2 entropy weavers (Lair:5)
  The ghost of w00t the Geomancer, a journeyman GrEE of Sif Muna (Lair:3)
  A minotaur (Lab)
  A fire dragon (Lair:5)
  4 hydras
  Erolcha (D:9)
  3 death yaks (Lair:6)
  A queen ant (Lair:5)
  An unseen horror (D:6)
  A hill giant (D:10)
  A wolf spider (Lair:6)
  An orb spider (Lair:4)
  The ghost of Charlie the Cutter, a novice VSAs of Okawaru (D:7)
  12 elephants
  A guardian serpent (Lair:6)
  4 black mambas (Lair:6)
  8 spiny frogs
  A rime drake (Lair:3)
  2 komodo dragons
  A troll (D:9)
  2 hornets (Lair:6)
  A two-headed ogre (D:9)
  A polar bear (Lair:3)
  7 hippogriffs
  18 blink frogs
  The ghost of JeffiDaFish the Cudgeler, an amateur GrFi (D:3)
  Sigmund (D:4)
  2 redbacks
  2 basilisks
  7 wyverns (Lair:6)
  43 yaks
  A hungry ghost (D:8)
  Menkaure (D:4)
  5 soldier ants (Lair:5)
  2 hell hounds (D:10)
  15 water moccasins
  4 sky beasts
  5 porcupines
  3 ice beasts
  4 black bears
  4 orc warriors
  2 phantoms
  A necrophage (D:8)
  4 centaurs
  5 ogres
  6 wolves (Lair:5)
  8 crocodiles
  11 bullfrogs
  3 scorpions
  5 killer bees (D:9)
  A troll skeleton (Lab)
  5 electric eels (Lair:5)
  A howler monkey (D:9)
  A centaur zombie (D:7)
  4 crimson imps
  2 jellies
  7 hounds
  4 orc priests
  8 orc wizards
  2 centaur skeletons
  Jessica (D:2)
  2 iguanas
  Ijyb (D:2)
  Terence (D:3)
  Natasha (thrice) (D:2)
  20 worker ants
  A killer bee zombie (D:9)
  An ogre skeleton (Lab)
  Robin (D:3)
  8 gnolls
  A howler monkey skeleton (D:9)
  20 adders
  5 shadow imps
  An ooze (D:5)
  3 adder skeletons
  3 worms
  A dart slug (D:4)
  2 leopard geckos
  30 orcs
  8 bats
  9 giant cockroaches
  19 goblins
  11 hobgoblins
  5 jackals
  3 quokkas
  A ball python (D:2)
  4 frilled lizards
  A jackal zombie (D:6)
  6 kobolds
  A quokka skeleton (D:7)
  5 rats
  2 fungi (D:1)
437 creatures vanquished.

Vanquished Creatures (others)
  2 centaurs (D:10)
  2 orcs (D:10)
  8 fungi
  15 plants
27 creatures vanquished.

Grand Total: 464 creatures vanquished

Notes
Turn   | Place    | Note
-------+----------+-------------------------------------------
     0 | D:1      | JeffiDaFish the Gargoyle Fighter began the quest for the Orb.
     0 | D:1      | Reached XP level 1. HP: 14/14 MP: 1/1
   209 | D:1      | Reached XP level 2. HP: 19/19 MP: 2/2
   820 | D:2      | Gained mutation: Your mind is acute. (Int +2) [potion of mutation]
   820 | D:2      | Gained mutation: You are weak. (Str -2) [potion of mutation]
   820 | D:2      | Gained mutation: You are resistant to hostile enchantments. (MR+) [potion of mutation]
   833 | D:2      | Noticed Ijyb
   835 | D:2      | Reached XP level 3. HP: 22/23 MP: 3/3
   855 | D:2      | Killed Ijyb
   979 | D:2      | Reached XP level 4. HP: 22/29 MP: 4/4
  1124 | D:2      | Noticed Jessica
  1135 | D:2      | Killed Jessica
  1194 | D:2      | Gained mutation: You have a pair of small horns on your head. [potion of beneficial mutation]
  1350 | D:2      | Reached XP level 5. HP: 21/33 MP: 5/5
  1559 | D:2      | Noticed Natasha
  1570 | D:2      | Killed Natasha
  1579 | D:2      | Noticed Natasha
  1585 | D:2      | Killed Natasha
  1585 | D:2      | Reached skill level 1 in Dodging
  1703 | D:2      | Noticed Natasha
  1714 | D:2      | Killed Natasha
  1714 | D:2      | Reached XP level 6. HP: 29/38 MP: 6/6
  1870 | D:3      | Noticed Terence
  1881 | D:3      | Killed Terence
  1909 | D:3      | Noticed Robin
  1924 | D:3      | Killed Robin
  2048 | D:3      | Noticed JeffiDaFish's ghost (amateur GrFi)
  2054 | D:3      | Killed JeffiDaFish's ghost
  2054 | D:3      | Reached skill level 5 in Shields
  2054 | D:3      | Reached XP level 7. HP: 32/43 MP: 7/7
  2593 | D:4      | Found an ancient bone altar of Kikubaaqudgha.
  2644 | D:4      | Noticed Sigmund
  2679 | D:4      | HP: 2/44 [Sigmund/wand of flame (8)]
  2680 | D:4      | Killed Sigmund
  2680 | D:4      | Reached skill level 5 in Armour
  3036 | D:4      | Reached skill level 5 in Maces & Flails
  3094 | D:4      | Lost mutation: You are weak. (Str -2) [potion of cure mutation]
  3094 | D:4      | Lost mutation: Your mind is acute. (Int +2) [potion of cure mutation]
  3094 | D:4      | Lost mutation: You have a pair of small horns on your head. [potion of cure mutation]
  3094 | D:4      | Lost mutation: You are resistant to hostile enchantments. (MR+) [potion of cure mutation]
  3156 | D:4      | Noticed Menkaure
  3161 | D:4      | Killed Menkaure
  3161 | D:4      | Reached XP level 8. HP: 38/48 MP: 8/8
  3379 | D:4      | Found a sparkling altar of Nemelex Xobeh.
  3674 | D:5      | Entered Level 5 of the Dungeon
  3896 | D:5      | Reached skill level 5 in Fighting
  4506 | D:6      | Reached XP level 9. HP: 53/54 MP: 9/9
  4572 | D:6      | Found a deep blue altar of Sif Muna.
  4572 | D:6      | Found an iron altar of Okawaru.
  4573 | D:6      | Found an opulent altar of Gozag.
  4972 | D:6      | Found a staircase to the Ecumenical Temple.
  5030 | D:6      | Killed an unseen horror
  5479 | D:7      | Noticed Charlie's ghost (novice VSAs)
  5492 | D:7      | Killed Charlie's ghost
  5492 | D:7      | Reached XP level 10. HP: 45/60 MP: 10/10
  6019 | D:8      | Reached skill level 1 in Stealth
  6062 | D:8      | Found Osyhar's General Store.
  6274 | D:8      | Found Qilieth's Jewellery Shoppe.
  6288 | D:8      | Bought an uncursed ring of see invisible for 180 gold pieces
  6342 | D:8      | Found Qenuddeo's Assorted Antiques.
  6382 | D:8      | Paralysed by fainting for 5 turns
  6430 | D:8      | Found an ancient bone altar of Kikubaaqudgha.
  6562 | D:8      | Found Hacusser's Jewellery Shop.
  6778 | D:9      | Found a sacrificial altar of Ru.
  6893 | D:9      | Noticed Erolcha
  6900 | D:9      | Killed Erolcha
  6924 | D:9      | Reached skill level 10 in Maces & Flails
  7181 | D:9      | Reached XP level 11. HP: 67/67 MP: 11/11
  7469 | D:9      | Learned a level 4 spell: Fulminant Prism
  7578 | D:8      | Bought a +6 amulet of reflection for 350 gold pieces
  7601 | D:10     | Entered Level 10 of the Dungeon
  7612 | D:10     | Noticed a hill giant
  7643 | D:10     | Killed a hill giant
  7741 | D:10     | Found a staircase to the Lair.
  7758 | D:10     | Reached skill level 1 in Hexes
  7777 | D:10     | Reached skill level 1 in Spellcasting
  8017 | D:10     | Reached skill level 1 in Conjurations
  8152 | D:10     | Reached skill level 10 in Shields
  8475 | Lair:1   | Entered Level 1 of the Lair of Beasts
  8501 | Lair:1   | Found a labyrinth entrance.
  8603 | Lab      | Entered a labyrinth
  9129 | Lab      | Noticed a minotaur
  9141 | Lab      | Killed a minotaur
  9142 | Lab      | Identified the Collected Works on the Virous Arsonist
  9142 | Lab      | Identified the Guide on Evil Snow
  9142 | Lab      | Identified Eloal's Papyrus of Combat Magic and Flight
  9401 | Lair:1   | Reached XP level 12. HP: 75/75 MP: 15/15
 10085 | Lair:2   | Reached skill level 10 in Armour
 10583 | Lair:2   | Noticed a five-headed hydra
 10593 | Lair:2   | Killed a five-headed hydra
 11013 | Lair:3   | Noticed w00t's ghost (journeyman GrEE)
 11016 | Lair:3   | Found a staircase to the Swamp.
 11047 | Lair:3   | Killed w00t's ghost
 11164 | Lair:3   | Noticed a five-headed hydra
 11172 | Lair:3   | Killed a five-headed hydra
 11249 | Lair:3   | Reached XP level 13. HP: 42/82 MP: 18/18
 11704 | Lair:3   | Reached skill level 10 in Fighting
 11975 | Lair:4   | Found a hole to the Spider Nest.
 13022 | Lair:5   | Reached skill level 5 in Conjurations
 13142 | Lair:5   | Noticed a fire dragon
 13517 | Lair:5   | Noticed an entropy weaver
 13518 | Lair:5   | Noticed an entropy weaver
 13683 | Lair:5   | Found a viscous altar of Jiyva.
 13684 | Lair:5   | Found a staircase to the Slime Pits.
 13707 | Lair:5   | Killed an entropy weaver
 13813 | Lair:5   | Killed an entropy weaver
 14097 | Lair:5   | Gained mutation: Your spells are a little harder to cast, but a little more powerful. [potion of beneficial mutation]
 14202 | Lair:5   | Killed a fire dragon
 14397 | Lair:6   | Entered Level 6 of the Lair of Beasts
 14834 | Lair:6   | Gained mutation: Your large and strong wings let you fly indefinitely. [Gargoyle growth]
 14834 | Lair:6   | Reached XP level 14. HP: 90/90 MP: 20/20
 15563 | Lair:6   | HP: 1/90 [spiny frog (10)]
 15564 | Lair:6   | Mangled by a spiny frog

Skill      XL: |  1  2  3  4  5  6  7  8  9 10 11 12 13 14 |
---------------+-------------------------------------------+-----
Shields        | 4 5 6 8 9 10 11 12 | 12.7
Maces & Flails | 3 4 5 7 8 10 11 12 | 12.6
Armour         | 4 5 6 7 8 9 10 11 12 | 12.0
Dodging        | 1 2 |  2.3
Fighting       | 4 5 6 7 8 9 11 | 11.4
Stealth        | 1 |  1.7
Hexes          | 2 3 4 |  4.5
Spellcasting   | 2 3 4 |  4.8
Conjurations   | 3 4 5 6 |  6.3

Action                   |  1- 3 |  4- 6 |  7- 9 | 10-12 | 13-15 || total
-------------------------+-------+-------+-------+-------+-------++-------
Melee: Flail             |   117 |   171 |   373 |   763 |   608 ||  2032
       Headbutt          |       |    26 |     8 |       |       ||    34
 Abil: Fly               |       |       |       |       |     1 ||     1
Evoke: Wand              |       |       |       |       |     2 ||     2
  Use: Scroll            |     6 |     1 |     5 |     7 |     7 ||    26
       Potion            |     4 |     2 |     8 |     4 |     2 ||    20
 Stab: Invisible         |       |       |       |     1 |       ||     1
  Eat: Chunk             |     1 |     3 |    12 |    23 |     9 ||    48
       Fruit             |       |       |       |     2 |     1 ||     3
       Meat ration       |       |       |       |       |     1 ||     1
Armor: Scale mail        |    39 |    80 |       |       |       ||   119
       Chain mail        |       |    41 |   136 |       |       ||   177
       Plate armour      |       |       |    91 |   342 |   389 ||   822
Dodge: Dodged            |    32 |    71 |    79 |   100 |   148 ||   430
Block: Shield            |    45 |   125 |   202 |   611 |   822 ||  1805
       Reflection        |       |       |       |    10 |       ||    10
